 Dungeon Crawl Stone Soup version 0.28-a0-723-g095bd1b44f (webtiles) character file.

Game seed: 4662667580148980599

4035 KoroneIsBestGirl the Frost Mage (level 10, -12/79 HPs)
             Began as a Barachi Ice Elementalist on Oct 25, 2021.
             Was an Initiate of Gozag.
             Mangled by a boulder beetle (16 damage)
             ... on level 11 of the Dungeon.
             The game lasted 00:17:04 (12922 turns).

KoroneIsBestGirl the Frost Mage (BaIE)             Turns: 12922, Time: 00:17:06

Health: -12/79     AC: 14    Str: 11    XL:     10   Next: 24%
Magic:  14/21      EV: 22    Int: 18    God:    Gozag
Gold:   550        SH:  0    Dex: 18    Spells: 10/24 levels left

rFire   . . .      SeeInvis .   v - +3 quarterstaff (chaos)
rCold   . . .      Faith    .   (shield currently unavailable)
rNeg    . . .      Spirit   .   J - +5 robe of Misfortune {Contam Harm *Corrode Drain *Slow EV+5}
rPois   .          Reflect  .   C - +1 hat
rElec   .          Harm     +   N - +1 cloak
rCorr   .          Rampage  .   (no gloves)
Will    .....                   (no boots)
Stlth   +.........              E - amulet of the acrobat
HPRegen 0.23/turn               c - +6 ring of dexterity
MPRegen 0.17/turn               u - +4 ring of protection

@: silenced, gold aura, freezing walls, slow
A: amphibious, slowness 1, strong legs 1, +LOS
a: Hop, Renounce Religion


You were on level 11 of the Dungeon.
You worshipped Gozag.
Gozag was pleased with you.
You visited 2 branches of the dungeon, and saw 11 of its levels.

You collected 616 gold pieces.
You paid 66 gold pieces to Gozag.

Inventory:

Hand Weapons
 g - a +1 dagger of draining
 v - a +3 quarterstaff of chaos (weapon)
Missiles
 y - 3 throwing nets
Armour
 C - a +1 hat (worn)
 J - the +5 robe of Misfortune (worn) {Contam Harm *Corrode Drain *Slow EV+5}
   (You found it on level 8 of the Dungeon)

   EV:        It affects your evasion (+5).
   Contam:    It causes magical contamination when unequipped.
   *Corrode:  It may corrode you when you take damage.
   Drain:     It drains your maximum health when unequipped.
   *Slow:     It may slow you when you take damage.
   Harm:      It increases damage dealt and taken.
 N - a +1 cloak (worn)
Jewellery
 c - a +6 ring of dexterity (left hand)
 h - a ring of fire
 k - a +4 ring of evasion
 n - a ring of protection from cold
 s - a ring of protection from fire
 u - a +4 ring of protection (right hand)
 E - an amulet of the acrobat (around neck)
Wands
 m - a wand of flame (31)
 G - a wand of polymorph (3)
 H - a wand of iceblast (6)
 I - a wand of digging (3)
 K - a wand of mindburst (9)
Scrolls
 a - a scroll of silence
 b - a scroll of amnesia
 d - 2 scrolls of blinking {unknown}
 e - 9 scrolls of identify {unknown}
 i - 2 scrolls of enchant armour {unknown}
 l - 2 scrolls of immolation {unknown}
 p - 2 scrolls of fear {unknown}
 A - 2 scrolls of noise {unknown}
 B - 2 scrolls of magic mapping {unknown}
 L - a scroll of acquirement {unknown}
 M - a scroll of torment {unknown}
Potions
 f - 3 potions of mutation {unknown}
 j - 3 potions of attraction {unknown}
 o - 2 potions of invisibility {unknown}
 q - 4 potions of cancellation {unknown}
 r - 3 potions of flight {unknown}
 t - 3 potions of degeneration {unknown}
 x - 2 potions of curing {unknown}
 z - a potion of lignification {unknown}
 D - a potion of haste {unknown}
 F - a potion of berserk rage {unknown}


   Skills:
 + Level 7.0 Fighting
 + Level 8.2 Dodging
 - Level 1.7 Stealth
 + Level 7.5 Spellcasting
 + Level 9.9 Ice Magic
 + Level 4.4 Air Magic


You had 10 spell levels left.
You knew the following spells:

 Your Spells              Type           Power      Damage    Failure   Level
a - Freeze                Ice            100%       1d11      1%          1
b - Frozen Ramparts       Ice            84%        1d10      1%          3
c - Summon Hydra          Summ           3%         N/A       100%        7
d - Swiftness             Air            22%        N/A       4%          3

Your spell library contained the following spells:

 Spells                   Type           Power      Damage    Failure   Level
 Ozocubu's Armour         Ice            42%        N/A       1%          3
 Shock                    Conj/Air       56%        1d6       4%          1
 Corpse Rot               Necr/Air       28%        N/A       6%          2
 Poisonous Vapours        Pois/Air       28%        N/A       6%          2
 Static Discharge         Conj/Air       14%        N/A       6%          2
 Hailstorm                Conj/Ice       24%        3d7       13%         4
 Blink                    Tloc           12%        N/A       16%         2
 Sublimation of Blood     Necr           3%         N/A       16%         2
 Wereblood                Tmut           6%         N/A       16%         2
 Airstrike                Air            11%        N/A       16%         4
 Lightning Bolt           Conj/Air       7%         1d19      75%         5
 Manifold Assault         Tloc           6%         N/A       96%         5
 Storm Form               Tmut/Air       7%         N/A       100%        7
 Maxwell's Capacitive Co  Air            11%        ∞         100%        8


Dungeon Overview and Level Annotations

Branches:
Dungeon (9/15)             Temple (1/1) D:6
   Lair: D:8-11         Orc: D:9-12

Altars:
Ashenzari
Cheibriados
Dithmenos
Elyvilon
Fedhas
Gozag
Hepliaklqana
Kikubaaqudgha
Makhleb
Nemelex Xobeh
Qazlal
Ru
Sif Muna
Trog
Vehumet
Wu Jian
Xom
Yredelemnul
Zin
The Shining One
Ignis


Innate Abilities, Weirdness & Mutations

You are amphibious.
You cover ground slowly.
You can hop short distances.
You have an extended range of vision and can be seen from far away.


Message History

Casting: Frozen Ramparts (safe; 1% risk of failure)
Confirm with . or Enter, or press ? or * to list all spells.
Casting: Frozen Ramparts (safe; 1% risk of failure)
Press: ? - help, Dir - look around, f - activate The walls around you are covered in ice.
The wall freezes the boulder beetle!
The wall freezes the yaktaur!
The yaktaur closely misses you.
You freeze the yaktaur.
The yaktaur is heavily wounded.
The wall freezes the yaktaur!
The yaktaur hits you.
You freeze the yaktaur!
The yaktaur is almost dead.
The wall freezes the yaktaur.
You kill the yaktaur!
The wall freezes the boulder beetle.
Your Fighting skill increases to level 7!
You freeze the boulder beetle.
The boulder beetle is moderately wounded.
A centaur warrior comes into view.
The wall freezes the boulder beetle!
The boulder beetle bites you!!
* * * LOW HITPOINT WARNING * * *
You are too injured to fight recklessly!
Okay, then.
As you read the scroll labelled PESMYBLERAI, it crumbles to dust.
It is a scroll of amnesia.
Really abort (and waste the scroll)?
Okay, then.
The wall freezes the boulder beetle.
The boulder beetle barely misses you.
As you read the scroll labelled MIEGRE QENTUKH, it crumbles to dust.
A profound silence engulfs you.
It was a scroll of silence.
The wall freezes the boulder beetle!
The boulder beetle bites you!
* * * LOW HITPOINT WARNING * * *
The wall freezes the centaur warrior.
You hit the boulder beetle but do no damage.
Lightning courses through the boulder beetle!
The boulder beetle is severely wounded.
The wall freezes the centaur warrior.
The wall freezes the boulder beetle!
The boulder beetle bites you!
You die...
Your body crumbles into a pile of gold.

# #. #!# ... #.# #
... ...
###..#.####.#
.......B.##.#
#@##.# #)##.#
#.##.# #.##.#
####### #
#.##.####.....
######.##.##)##...#
.............)....#
#########.#####...#
#.# ##..#


You could see a boulder beetle.

Vanquished Creatures
  Maurice (D:8)
  A yaktaur (D:11)
  Prince Ribbit (D:5)
  A wraith (D:11)
  A wyvern (D:8)
  2 steam dragons
  15 fire elementals
  Duvessa (D:6)
  2 water moccasins
  2 orc warriors
  A hornet zombie (D:7)
  An ice beast (D:8)
  2 sky beasts
  A centaur (D:5)
  3 bullfrogs
  A gnoll sergeant (D:7)
  2 scorpions (D:6)
  Dowan (D:6)
  2 water moccasin skeletons
  3 killer bees (D:9)
  2 bullfrog zombies
  3 centaur zombies
  2 hounds (D:6)
  6 orc priests
  Crazy Yiuf (D:3)
  A jelly (D:6)
  A centaur skeleton (D:5)
  A bullfrog skeleton (D:6)
  3 iguanas (D:4)
  12 orc wizards
  4 adders
  13 gnolls
  3 ufetubi
  An adder skeleton (D:4)
  A worm (D:5)
  A dart slug (D:1)
  27 orcs
  5 endoplasms
  2 giant cockroaches
  12 goblins
  6 hobgoblins
  7 jackals
  A kobold (D:1)
  3 quokkas
  7 ball pythons
  7 bats
  3 frilled lizards
  2 rats
181 creatures vanquished.

Vanquished Creatures (others)
  57 foxfires
57 creatures vanquished.

Grand Total: 238 creatures vanquished

Notes
Turn   | Place    | Note
-------+----------+-------------------------------------------
     0 | D:1      | KoroneIsBestGirl the Barachi Ice Elementalist began the
                  | quest for the Orb.
     0 | D:1      | Reached XP level 1. HP: 13/13 MP: 3/3
   456 | D:1      | Reached skill level 5 in Ice Magic
   566 | D:1      | Reached XP level 2. HP: 18/18 MP: 0/5
  1587 | D:2      | Found a faded altar of an unknown god.
  1595 | D:2      | Prayed at the altar of an unknown god.
  1595 | D:2      | Became a worshipper of Ignis, the Dying Flame
  1651 | D:2      | Reached XP level 3. HP: 24/24 MP: 4/7
  2378 | D:3      | Found a runed translucent door.
  2379 | D:3      | Noticed Crazy Yiuf
  2563 | D:3      | Found a radiant altar of Vehumet.
  2569 | D:3      | Learned a level 3 spell: Frozen Ramparts
  2581 | D:3      | Reached XP level 4. HP: 25/30 MP: 2/8
  3105 | D:3      | Killed Crazy Yiuf
  3239 | D:4      | Reached XP level 5. HP: 35/35 MP: 6/10
  3316 | D:4      | Reached skill level 6 in Ice Magic
  3399 | D:4      | Reached XP level 6. HP: 32/41 MP: 7/11
  4323 | D:4      | Reached XP level 7. HP: 43/46 MP: 8/13
  4377 | D:4      | Learned a level 7 spell: Summon Hydra
  4849 | D:5      | Entered Level 5 of the Dungeon
  4861 | D:4      | Reached skill level 1 in Fighting
  4861 | D:4      | Reached skill level 5 in Dodging
  4861 | D:4      | Reached skill level 7 in Ice Magic
  5882 | D:5      | Noticed Prince Ribbit
  5891 | D:5      | Killed Prince Ribbit
  5892 | D:5      | Reached skill level 5 in Spellcasting
  5892 | D:5      | Reached XP level 8. HP: 57/58 MP: 14/16
  6043 | D:5      | Reached skill level 8 in Ice Magic
  6139 | D:5      | Found a snail-covered altar of Cheibriados.
  6370 | D:6      | Noticed Dowan
  6375 | D:6      | Noticed Duvessa
  6448 | D:6      | Killed Duvessa
  6477 | D:6      | Killed Dowan
  6619 | D:6      | Learned a level 3 spell: Swiftness
  6741 | D:6      | Found a staircase to the Ecumenical Temple.
  6752 | D:6      | Reached skill level 1 in Air Magic
  6752 | D:6      | Reached XP level 9. HP: 54/67 MP: 11/18
  6758 | Temple   | Entered the Ecumenical Temple
  7050 | D:6      | Reached skill level 5 in Fighting
  7072 | D:6      | Fell from the grace of Ignis
  7114 | Temple   | Became a worshipper of Gozag Ym Sagoz the Greedy
 10505 | D:7      | Reached skill level 9 in Ice Magic
 10743 | D:7      | Found an ornate altar of the Wu Jian Council.
 11318 | D:8      | Found the +5 robe of Misfortune {Contam Harm *Corrode Drain
                  | *Slow EV+5}
 11941 | D:8      | Noticed Maurice
 11952 | D:8      | Killed Maurice
 12589 | D:9      | Reached XP level 10. HP: 75/77 MP: 14/20
 12740 | D:9      | You fall into a shaft and drop 2 floors!
 12740 | D:11     | Was forgiven by Ignis
 12912 | D:11     | Noticed a boulder beetle
 12919 | D:11     | Noticed a centaur warrior
 12922 | D:11     | Mangled by a boulder beetle

Illustrated notes

Levels and vault maps discovered:
D:1:      evilmike_arrival_plus, layout_loops_corners
D:2:      layout_loops_corners, shapermc_ecumenical_altar_venn
D:3:      layout_rooms, nicolae_vehumet_altar_sigil, uniq_crazy_yiuf_cottage
D:4:      layout_layer_cave, minmay_goblin_outpost
D:5:      layout_cave_pools, nicolae_overflow_hidden_temple, uniq_prince_ribbit1
D:6:      layout_cave_pools, temple_green, minmay_misc_feat_diagonals,
          minmay_crystal_water, uniq_duvessa
D:7:      layout_basic, nicolae_overflow_crystal_walls,
          small_statue_intersection
D:8:      layout_gridville, minmay_misc_feat_five, uniq_maurice
D:9:      layout_basic, serial_shops, nicolae_shop_trees, shop, shop_fountains,
          hellmonk_guarded_unrand_cigotuvi, uniq_erolcha
D:11:     layout_loops_ring, erik_lair_orcish_takeover, minmay_bent
Temple:   eino_narrow_crystal_temple

Skill      XL: |  1  2  3  4  5  6  7  8  9 10 |
---------------+-------------------------------+-----
Ice Magic      | 5 6 7 8 9 |  9.9
Dodging        | 3 4 5 6 8 |  8.2
Spellcasting   | 3 4 5 6 7 |  7.5
Fighting       | 3 4 6 7 |  7.0
Air Magic      | 1 3 4 |  4.4
Stealth        | |  1.7

Action                   |  1- 3 |  4- 6 |  7- 9 | 10-12 || total
-------------------------+-------+-------+-------+-------++-------
Melee: Dagger            |     6 |     1 |       |       ||     7
       Unarmed           |     1 |       |       |       ||     1
       Quarterstaff      |       |    10 |    83 |    13 ||   106
 Cast: Freeze            |    37 |    26 |    95 |     7 ||   165
       Frozen Ramparts   |     2 |    12 |    21 |     5 ||    40
Invok: Foxfire Swarm     |       |       |     5 |       ||     5
       Sea of Fire       |       |       |     3 |       ||     3
       Rising Flame      |       |       |     1 |       ||     1
       Renounce Religion |       |       |     1 |       ||     1
 Abil: Hop               |     1 |       |     3 |       ||     4
  Use: Scroll            |       |       |       |     2 ||     2
 Stab: Sleeping          |       |       |     1 |       ||     1
Armor: Robe              |     8 |    16 |   102 |     3 ||   129
Dodge: Dodged            |    30 |    29 |   215 |    29 ||   303

Table legend: (Time is in decaauts)
 A = Elapsed time spent in this place.
 B = Non-inter-level travel time spent in this place.
 C = Inter-level travel time spent in this place.
 D = Time resting spent in this place.
 E = Time spent auto-exploring this place.
 F = Levels seen in this place.
 G = Mean time per level.
                   A        B        C        D        E       F      G
               +--------+--------+--------+--------+--------+-----+--------+
         Total |  14164 |  13557 |    607 |   3237 |   8875 |  11 | 1287.6 |
       Dungeon |  13882 |  13316 |    566 |   3237 |   8670 |  10 | 1388.2 |
        Temple |    281 |    241 |     40 |      0 |    205 |   1 |  281.0 |
               +--------+--------+--------+--------+--------+-----+--------+

Top non-repeatable levels by time:
     D:6: 3266 daAuts
     D:4: 2563 daAuts
     D:7: 1662 daAuts
     D:1: 1339 daAuts
     D:8: 1187 daAuts
     D:3: 1166 daAuts
     D:2: 1123 daAuts
     D:5: 950 daAuts
     D:9: 409 daAuts
  Temple: 281 daAuts
    D:11: 214 daAuts
